 Dungeon Crawl Stone Soup version 0.31.0-1-g2c135a008e (webtiles) character file.

Game seed: 5803481864455906311

1374 qw the Shooter (level 8, -4/59 HPs)
             Began as a Djinni Hunter on Jan 24, 2024.
             Was an Initiate of Okawaru.
             Slain by Duvessa
             ... wielding a +1 short sword of venom
              (17 damage)
             ... on level 5 of the Dungeon.
             The game lasted 00:00:24 (4863 turns).

qw the Shooter (Djinni Hunter)                      Turns: 4863, Time: 00:00:24

Health: -4/59      AC:  9    Str:  8    XL:     8   Next: 98%
Gold:   285        EV: 11    Int: 10    God:    Okawaru [......] SH:  0 Dex: 20

rFire   + + +        f - +2 sling of Bloodstone {heavy, rElec rPois}
rCold   + . .        (no shield)
rNeg    . . .        b - +2 ring mail {Will+}
rPois   inf          i - +1 helmet
rElec   +            (no cloak)
rCorr   .            (no gloves)
SInv    .            (boots unavailable)
Will    +....        (no amulet)
Stlth   +            c - ring "Jeday" {rElec rF+ rC+ Str-2}
HPRegen 0.29/turn    m - ring of protection from cold
MPRegen 0.00/turn

%: infuse magic (-5 HP)
@: flying, hasted, very quick
A: sickness immunity, fire resistance 2, cold vulnerability 1, float, innate
caster, HP casting, extra vitality 1
a: Renounce Religion


You were on level 5 of the Dungeon.
You worshipped Okawaru.
Okawaru was noncommittal.
You visited 2 branches of the dungeon, and saw 6 of its levels.
You also visited: Sewer.

You collected 285 gold pieces.


Innate Abilities, Weirdness & Mutations

You are immune to sickness and miasma.
You are immune to poison.
Your flesh is very heat resistant. (rF++)
You are vulnerable to cold. (rC-)
You float through the air rather than walking.
You learn spells naturally, not from books.
Your magical power is your life essence.
You have superior vitality. (+4 MHP)


   Skills:
 - Level 5.0 Fighting
 + Level 7.8 Ranged Weapons
 - Level 2.0 Armour
 - Level 4.0 Dodging
 - Level 0.7 Stealth


You knew the following spells:

 Your Spells              Type           Power      Damage    Failure   Level
a - Freeze                Ice            0%         1d3       75%         1
b - Lesser Beckoning      Tloc           0%         N/A       86%         2
c - Sigil of Binding      Hex            0%         N/A       98%         3
Your spell library was empty.

Inventory:

Hand Weapons
 a - a +2 shortbow
 f - the +2 sling of Bloodstone (weapon) {heavy, rElec rPois}
   (You found it on level 5 of the Dungeon)

   rElec:     It insulates you from electricity.
   rPois:     It protects you from poison
Armour
 b - a +2 ring mail of willpower (worn)
 i - a +1 helmet (worn)
Jewellery
 c - the ring "Jeday" (left hand) {rElec rF+ rC+ Str-2}
   (You found it on level 3 of the Dungeon)

   [ring of protection from fire]

   Str-2:     It affects your strength (-2).
   rF+:       It protects you from fire.
   rC+:       It protects you from cold.
   rElec:     It insulates you from electricity.
 m - a ring of protection from cold (right hand)
Wands
 j - a wand of flame (39)
Scrolls
 d - 3 scrolls of identify
 k - a scroll of brand weapon {unknown}
Potions
 e - a potion of haste
 g - a potion of cancellation
 h - a potion of invisibility {unknown}
 l - a potion of curing {unknown}

Dungeon Overview and Level Annotations

Branches:
Dungeon (5/15)             Temple (1/1) D:5           Sewer (visited)

Altars:
Ashenzari
Cheibriados
Dithmenos
Elyvilon
Fedhas
Gozag
Hepliaklqana
Makhleb
Nemelex Xobeh
Okawaru
Qazlal
Ru
Trog
Uskayaw
Wu Jian
Xom
Yredelemnul
Zin
The Shining One

Shops:
D:4 [

Annotations:
D:5 1 runed translucent door, Crazy Yiuf, Duvessa


Message History

Enter note:
k - a scroll labelled ORUGORA MOHES
Enter note:
Enter note:
There is an escape hatch in the floor here.
There is an escape hatch in the floor here.
You reach down and open the door.
There is an open door here.
There is an open door here.
Duvessa is nearby!
Enter note:
Enter note:
Enter note:
4855 ||| DRINKING 2 potions of haste.
You feel yourself speed up.
You shoot a sling bullet. The sling bullet barely misses Duvessa.
Duvessa rages.
You shoot a sling bullet. The sling bullet hits Duvessa!!
Duvessa is moderately wounded.
Duvessa rages.
You shoot a sling bullet. The sling bullet hits Duvessa!
Duvessa is heavily wounded.
Duvessa hits you but does no damage.
You shoot a sling bullet. The sling bullet hits Duvessa!
Duvessa is severely wounded.
Duvessa hits you with a +1 short sword of venom!
Duvessa closely misses you.
You shoot a sling bullet. The sling bullet barely misses Duvessa.
Duvessa hits you with a +1 short sword of venom.
Duvessa hits you with a +1 short sword of venom!
You shoot a sling bullet.
The sling bullet closely misses Duvessa.
Duvessa hits you with a +1 short sword of venom!
You shoot a sling bullet. The sling bullet hits Duvessa.
Duvessa is severely wounded.
Duvessa hits you with a +1 short sword of venom.
Duvessa barely misses you.
You shoot a sling bullet. The sling bullet hits Duvessa!
Duvessa is almost dead.
Duvessa hits you with a +1 short sword of venom! x2
You die...

#...#....##.#.[...#.#.........
#...'>........................
####..##....##.#.......#.........
........###............#........#
####..#.# #.##.........#........#
.#....#.###.##..................#
............##.#.................
..#...#.######.#...........######
..#...#.######.#@###.#.##### #..
..#####.#......e...##### ###
...............#...#
..#####..(........)#


77777 ..#.....#.###.###### ### 777.7.P ~.#.###.#.?...#....# #...#7..7...
.~#.##.............# #...+.7777.P ~...##......######.# #)..#77 77P
...................# ### 77 You could see Duvessa (berserk).

Vanquished Creatures
  Sigmund (D:2)
  Pargi (Sewer)
  A black bear (D:5)
  A sky beast (D:5)
  2 brain worms (Sewer)
  4 scorpions
  Dowan (D:5)
  A jelly (D:5)
  An orc priest (D:3)
  A bombardier beetle (D:5)
  2 hounds (D:4)
  Natasha (thrice) (D:2)
  An orc wizard (D:2)
  Robin (D:3)
  10 adders
  4 gnolls (D:4)
  A white imp (D:5)
  4 dart slugs
  A ribbon worm (D:3)
  11 orcs
  4 bats
  7 endoplasms
  A giant cockroach (D:4)
  13 goblins
  11 hobgoblins
  9 jackals
  3 quokkas
  18 ball pythons
  7 frilled lizards
  10 kobolds
  7 rats
142 creatures vanquished.

Notes
Turn   | Place    | Note
-------+----------+-------------------------------------------
     0 | D:1      | qw the Djinni Hunter began the quest for the Orb.
     0 | D:1      | Reached XP level 1. HP: 18/18 MP: 0/0
     0 | D:1      | 0 ||| qw: Version: 0.3-a-136-gdd3b4e8
     0 | D:1      | 0 ||| qw: Game counter: 1280
     0 | D:1      | 0 ||| qw: Melee chars always use a shield: true
     0 | D:1      | 0 ||| qw: God list: Okawaru
     0 | D:1      | 0 ||| qw: Allow faded altars: false
     0 | D:1      | 0 ||| qw: Do Orc after clearing Dungeon:15 true
     0 | D:1      | 0 ||| qw: Do second Lair branch before Depths: true
     0 | D:1      | 0 ||| qw: Lair rune preference: random
     0 | D:1      | 0 ||| qw: Goals: Normal
     0 | D:1      | 0 ||| PLANNING D:1-11
    37 | D:1      | Reached XP level 2. HP: 23/23 MP: 0/0
   295 | D:1      | Reached XP level 3. HP: 28/28 MP: 0/0
   295 | D:1      | Learned a level 1 spell: Freeze
   313 | D:1      | Reached skill level 4 in Ranged Weapons
   644 | D:1      | 644 ||| READING scroll labelled RUGGAD NOHEN.
   647 | D:1      | 647 ||| READING scroll labelled ZIMESM FAMMAKH.
   647 | D:1      | 647 ||| IDENTIFYING amethyst potion
   648 | D:1      | 648 ||| READING scroll labelled LORAIS BENENK.
   648 | D:1      | 648 ||| ENCHANTING +0 shortbow.
   649 | D:1      | 649 ||| DROPPING scroll of butterflies.
   699 | D:2      | Reached skill level 3 in Fighting
   699 | D:2      | Reached XP level 4. HP: 35/35 MP: 0/0
   802 | D:2      | Found a faded altar of an unknown god.
   867 | D:2      | Reached skill level 3 in Dodging
   936 | D:2      | Noticed Sigmund
   945 | D:2      | Killed Sigmund
   946 | D:2      | Reached skill level 5 in Ranged Weapons
   946 | D:2      | Reached XP level 5. HP: 38/40 MP: 0/0
   946 | D:2      | Learned a level 2 spell: Lesser Beckoning
   946 | D:2      | Reached XP level 6. HP: 44/46 MP: 0/0
  1109 | D:2      | 1109 ||| FLEEEEING.
  1110 | D:2      | 1110 ||| FLEEEEING.
  1112 | D:2      | 1112 ||| FLEEEEING.
  1115 | D:2      | 1115 ||| FLEEEEING.
  1119 | D:2      | 1119 ||| FLEEEEING.
  1120 | D:2      | 1120 ||| FLEEEEING.
  1121 | D:2      | 1121 ||| FLEEEEING.
  1123 | D:2      | 1123 ||| FLEEEEING.
  1124 | D:2      | 1124 ||| FLEEEEING.
  1126 | D:2      | 1126 ||| FLEEEEING.
  1127 | D:2      | 1127 ||| FLEEEEING.
  1129 | D:2      | 1129 ||| FLEEEEING.
  1157 | D:2      | Noticed Natasha
  1160 | D:2      | Killed Natasha
  1227 | D:2      | Noticed Natasha
  1232 | D:2      | Killed Natasha
  1289 | D:2      | Noticed Natasha
  1294 | D:2      | Killed Natasha
  1435 | D:2      | 1435 ||| UPGRADING to +0 ring mail.
  1445 | D:2      | 1445 ||| DROPPING +0 leather armour.
  1446 | D:2      | 1446 ||| UPGRADING to +2 robe of positive energy.
  1456 | D:2      | 1456 ||| DROPPING +0 ring mail.
  1457 | D:2      | 1457 ||| READING scroll labelled JIRCHIZX GOINT.
  1558 | D:2      | 1558 ||| READING 3 scrolls labelled ZEKIXZY AGUREV.
  1659 | D:2      | 1659 ||| READING scroll labelled ILYINY KYX WAR.
  1660 | D:2      | 1660 ||| READING scroll labelled WETAAS WEA.
  1661 | D:2      | 1661 ||| DROPPING 2 scrolls of silence.
  1680 | D:3      | 1680 ||| PLANNING SEWER
  1688 | D:3      | 1688 ||| STAIRDANCE
  1745 | D:3      | Reached XP level 7. HP: 52/52 MP: 0/0
  1745 | D:3      | Learned a level 3 spell: Sigil of Binding
  1818 | D:3      | 1818 ||| FLEEEEING.
  1819 | D:3      | 1819 ||| FLEEEEING.
  1928 | D:3      | Identified the ring "Jeday" {rElec rF+ rC+ Str-2}
  1975 | D:3      | Found a glowing drain.
  1976 | D:3      | 1976 ||| UPGRADING to +2 ring mail of willpower.
  1986 | D:3      | 1986 ||| DROPPING +2 robe of positive energy.
  1987 | D:3      | 1987 ||| UPGRADING to ring "Jeday" {rElec rF+ rC+ Str-2}.
  1998 | Sewer    | Entered a sewer
  2006 | Sewer    | Reached skill level 1 in Armour
  2185 | Sewer    | Noticed Pargi
  2205 | Sewer    | 2205 ||| READING scroll labelled COTIHI TOLL.
  2211 | Sewer    | HP: 11/52 [Pargi (7)]
  2212 | Sewer    | 2212 ||| READING 2 scrolls of teleportation.
  2213 | Sewer    | HP: 5/52 [Pargi (3)]
  2214 | Sewer    | HP: 1/52 [Pargi (2)]
  2479 | Sewer    | 2479 ||| READING scroll labelled LAGOQI WUELE.
  2479 | Sewer    | 2479 ||| ENCHANTING +1 shortbow.
  2485 | Sewer    | HP: 13/52 [Pargi (1)]
  2486 | Sewer    | 2486 ||| READING scroll of teleportation.
  2487 | Sewer    | Killed Pargi
  2488 | Sewer    | Reached skill level 6 in Ranged Weapons
  2710 | Sewer    | 2710 ||| DRINKING 2 sedimented cyan potions.
  2720 | D:3      | 2720 ||| PLANNING D:1-11
  2954 | D:3      | Noticed Robin
  2968 | D:3      | Killed Robin
  3026 | D:3      | Found a hazy altar of Hepliaklqana.
  3037 | D:3      | Found a glowing silver altar of Zin.
  3038 | D:3      | 3038 ||| UPGRADING to +1 helmet.
  3073 | D:4      | 3073 ||| STAIRDANCE
  3085 | D:4      | 3085 ||| STAIRDANCE
  3108 | D:4      | Reached XP level 8. HP: 48/58 MP: 0/0
  3276 | D:4      | Found an opulent altar of Gozag.
  3461 | D:4      | Found Wuituqoi's Armour Shoppe.
  3469 | D:4      | 3469 ||| SHOPLISTING +2 leather armour of fire resistance
                  | (266 gold, have 228).
  3469 | D:4      | 3469 ||| SHOPLISTING +2 ring mail of cold resistance (294
                  | gold, have 228).
  3469 | D:4      | 3469 ||| SHOPLISTING +2 robe of cold resistance (247 gold,
                  | have 228).
  3590 | D:4      | 3590 ||| READING scroll of enchant weapon.
  3590 | D:4      | 3590 ||| ENCHANTING +1 shortbow.
  3638 | D:4      | Reached skill level 7 in Ranged Weapons
  3924 | D:4      | 3924 ||| READING 2 scrolls labelled XUYLAY HEDA.
  3925 | D:4      | 3925 ||| READING scroll labelled BAAQOU CUISKA.
  3926 | D:4      | 3926 ||| READING scroll labelled WUEJIASTREM.
  3927 | D:4      | 3927 ||| DRINKING 3 fuming green potions.
  3928 | D:4      | 3928 ||| DROPPING scroll of amnesia.
  3969 | D:5      | Entered Level 5 of the Dungeon
  3998 | D:5      | Noticed Duvessa
  3999 | D:5      | 3999 ||| FLEEEEING.
  4018 | D:5      | Noticed Dowan
  4041 | D:5      | Killed Dowan
  4054 | D:5      | HP: 14/59 [Duvessa/+1 short sword of venom (5)]
  4055 | D:5      | 4055 ||| READING scroll of teleportation.
  4055 | D:5      | HP: 5/59 [Duvessa/+1 short sword of venom (9)]
  4056 | D:5      | 4056 ||| DRINKING potion of heal wounds.
  4211 | D:5      | Identified the +2 sling of Bloodstone {heavy, rElec rPois}
  4213 | D:5      | 4213 ||| SWAPPING to +2 sling of Bloodstone {heavy, rElec
                  | rPois}.
  4333 | D:5      | Found a staircase to the Ecumenical Temple.
  4334 | D:5      | 4334 ||| PLANNING TEMPLE
  4334 | D:5      | 4334 ||| UPGRADING to ring of protection from cold.
  4335 | D:5      | 4335 ||| READING scroll of identify.
  4335 | D:5      | 4335 ||| IDENTIFYING metallic emerald potion
  4336 | D:5      | 4336 ||| DROPPING potion of degeneration.
  4345 | Temple   | Entered the Ecumenical Temple
  4346 | Temple   | 4346 ||| PLANNING OKAWARU WORSHIP
  4365 | Temple   | Became a worshipper of Warmaster Okawaru
  4366 | Temple   | 4366 ||| PLANNING D:1-11
  4558 | D:5      | Found a runed translucent door.
  4559 | D:5      | Noticed Crazy Yiuf
  4855 | D:5      | 4855 ||| DRINKING 2 potions of haste.
  4863 | D:5      | HP: 13/59 [Duvessa/+1 short sword of venom (10)]
  4863 | D:5      | Slain by Duvessa

Levels and vault maps discovered:
D:1:      dpeg_arrival_ternary, layout_basic, nicolae_figureground_sparkle
D:2:      layout_basic, shapermc_ecumenical_altar_gd, minivault_19,
          uniq_sigmund, uniq_natasha
D:3:      layout_rooms, amethyst_overflow_temple_binary,
          cheibrodos_sewer_entry_sluice, uniq_robin
D:4:      layout_loops_ring, grunt_gozag_breadcrumbs, serial_shops, shop_statue,
          solitary_fountain
D:5:      layout_basic, minmay_temple_entry_ruins, serial_bayou_pond_c,
          uniq_duvessa, uniq_crazy_yiuf_cottage
Temple:   hellmonk_temple_of_storms

Skill      XL: |  1  2  3  4  5  6  7  8 |
---------------+-------------------------+-----
Ranged Weapons | 4 5 6 7 |  7.8
Fighting       | 3 4 5 |  5.0
Dodging        | 3 4 |  4.0
Armour         | 2 |  2.0
Stealth        | |  0.7

Action                     |  1- 3 |  4- 6 |  7- 9 || total
---------------------------+-------+-------+-------++-------
   Fire: Shortbow          |    79 |    99 |   326 ||   504
         Sling             |       |       |    17 ||    17
    Use: Scroll            |     3 |     4 |    10 ||    17
         Potion            |       |       |     4 ||     4
 Armour: Leather armour    |    10 |    15 |       ||    25
         Robe              |       |     4 |     8 ||    12
         Ring mail         |       |       |   243 ||   243
  Dodge: Dodged            |    15 |    16 |   248 ||   279

Table legend:
 A = Non-vault XP
 B = Vault XP
 C = Vault XP percentage of total XP
 D = Non-vault monster count
 E = Vault monster count
 F = Vault count percentage of total count
                 A         B        C        D         E       F
            +---------+---------+-------+---------+---------+-------
      Total |    1255 |     709 |  36.1 |     113 |      29 |  20.4
            +---------+---------+-------+---------+---------+-------
        D:1 |      47 |       0 |   0.0 |      27 |       0 |   0.0
        D:2 |     201 |     261 |  56.5 |      26 |       2 |   7.1
        D:3 |      99 |      41 |  29.3 |      27 |      14 |  34.1
        D:4 |     363 |       0 |   0.0 |      24 |       0 |   0.0
        D:5 |     545 |      69 |  11.2 |       9 |       1 |  10.0
      Sewer |       0 |     338 | 100.0 |       0 |      12 | 100.0
            +---------+---------+-------+---------+---------+-------
